 Dungeon Crawl Stone Soup version 0.32-a0-975-g85d4e5bfdb (webtiles) character file.

Game seed: 2708494719116599383

1781 Maxmaps the Spear-Bearer (level 8, -1/60 HPs)
             Began as a Demonspawn Shapeshifter on Apr 19, 2024.
             Slain by a bullfrog (4 damage)
             ... on level 6 of the Dungeon.
             The game lasted 00:08:54 (6205 turns).

Maxmaps the Spear-Bearer (Demonspawn Shapeshifter)  Turns: 6205, Time: 00:08:54

Health: -1/60      AC:  4    Str: 14    XL:     8   Next: 81%
Magic:  8/8        EV: 12    Int: 14    God:
Gold:   338        SH:  4    Dex: 12    Spells: 7/7 levels left

rFire   . . .        t - +0 trident
rCold   . . .        (no shield)
rNeg    . . .        a - +0 animal skin
rPois   .            (helmet currently unavailable)
rElec   .            (cloak currently unavailable)
rCorr   .            (gloves currently unavailable)
SInv    .            (boots currently unavailable)
Will    +....        (no amulet)
Stlth   +            s - ring of willpower
HPRegen 0.30/turn    (no ring)
MPRegen 0.11/turn

%: no passive effects
@: beast-form
A: beast (slay +1), thin metallic scales 1, foul stench 1, condensation shield
a: Begin Untransformation


You were on level 6 of the Dungeon.
You were a hulking beast.
You visited 2 branches of the dungeon, and saw 7 of its levels.
You also visited: Ossuary.

You collected 338 gold pieces.

Inventory:

Hand Weapons
 t - a +0 trident (weapon)
Armour
 a - a +0 animal skin (worn)
Jewellery
 s - a ring of willpower (left hand)
Talismans
 c - a beast talisman (active)
 d - a flux talisman
 o - a serpent talisman
Wands
 u - a wand of roots (1)
 A - a wand of polymorph (5)
Scrolls
 g - a scroll of fog {unknown}
 h - 2 scrolls of blinking
 i - a scroll of poison {unknown}
 k - a scroll of revelation
 m - 2 scrolls of noise {unknown}
 n - 2 scrolls of immolation {unknown}
 q - 4 scrolls of teleportation {unknown}
 v - 2 scrolls of vulnerability {unknown}
 x - a scroll of amnesia {unknown}
 y - a scroll of fear {unknown}
 B - a scroll of enchant armour {unknown}
Potions
 b - 3 potions of lignification
 e - 2 potions of cancellation
 f - a potion of berserk rage {unknown}
 j - a potion of mutation
 l - 4 potions of curing
 p - 2 potions of resistance
 r - 2 potions of haste
 w - a potion of degeneration
 z - 2 potions of brilliance


   Skills:
 - Level 4.0 Fighting
 + Level 9.2 Polearms
 - Level 3.5 Dodging
 - Level 2.6 Unarmed Combat
 - Level 2.6 Shapeshifting


You had 7 spell levels left.
You didn't know any spells.
Your spell library contained the following spells:

 Spells                   Type           Power      Damage    Failure   Level
 Apportation              Tloc           0%         N/A       28%         1
 Jinxbite                 Hex            0%         N/A       41%         2
 Frozen Ramparts          Ice            0%         1d1       65%         3
 Ozocubu's Armour         Ice            0%         N/A       65%         3
 Tukima's Dance           Hex            0%         N/A       65%         3
 Passage of Golubria      Tloc           0%         N/A       96%         4
 Alistair's Intoxication  Alch           0%         N/A       100%        5
 Metabolic Englaciation   Hex/Ice        0%         N/A       100%        5
 Yara's Violent Unravell  Hex/Alch       0%         3d3       100%        5


Dungeon Overview and Level Annotations

Branches:
Dungeon (6/15)             Temple (1/1) D:5         Ossuary (visited)

Altars:
Ashenzari
Cheibriados
Fedhas
Hepliaklqana
Kikubaaqudgha
Makhleb
Ru
Sif Muna
Trog
Vehumet
Wu Jian
Yredelemnul

Shops:
D:2 [   D:5 ?


Innate Abilities, Weirdness & Mutations

You are a hulking beast.
Your limbs bulge with bestial killing power. (Slay +1)
You are partially covered in thin metallic scales. (AC +2)
You may rarely emit foul miasma when damaged in melee.
A meltable shield of frost defends you. (SH +4)


Message History

The cyclops hits you!
* * * LOW HITPOINT WARNING * * *
You emit a cloud of foul miasma!
You hit the cyclops.
The cyclops is severely wounded.
You barely miss the cyclops.
The cyclops is severely wounded.
The cyclops is engulfed in dark miasma.
The cyclops is poisoned.
The cyclops seems to slow down.
You block the cyclops's attack.
You hit the cyclops.
The cyclops is almost dead.
Unknown command.
You hit the cyclops.
You kill the cyclops!
Your Polearms skill increases to level 9!
Unknown command.
You start resting.
A bullfrog comes into view.
You are too injured to fight recklessly!
You are too injured to fight recklessly!
The bullfrog gives a loud, deep croak!
Things that are here:
4 large rocks; a cyclops corpse You start resting.
A bullfrog is nearby!
You are too injured to fight recklessly!
You are too injured to fight recklessly!
You hit the bullfrog.
The bullfrog is moderately wounded.
The bullfrog misses you.
You closely miss the bullfrog.
The bullfrog is moderately wounded.
The bullfrog hits you.
* * * LOW HITPOINT WARNING * * *
You emit a cloud of foul miasma!
You hit the bullfrog.
The bullfrog is heavily wounded.
The bullfrog is engulfed in dark miasma.
The bullfrog is poisoned.
The bullfrog hits you.
You die...

#######.## #.#
......[..# #.#
####(.##.## #.###
##.#...###...#######
#...#.....#.......#
#...##..(##....##.#
#..(. ##.###....#
#.### #.##F###.# #.
#.#h## .# . #.### #
# .ß. #.# #.# #.#


You could see a bullfrog (poisoned).

Vanquished Creatures
  A cyclops (D:6)
  A wyvern (D:5)
  A black bear (D:5)
  A phantom (D:5)
  A bullfrog (D:6)
  7 scorpions
  A jelly (D:5)
  A hound (D:5)
  A bombardier beetle (D:5)
  6 human zombies (Ossuary)
  2 iguanas
  An orc wizard (D:4)
  3 scorpion zombies (Ossuary)
  3 mummies (Ossuary)
  3 gnolls (D:4)
  An adder (D:3)
  3 adder zombies (Ossuary)
  3 dart slugs
  5 orcs (D:4)
  7 ball pythons
  5 bats (D:1)
  11 endoplasms
  3 giant cockroaches
  4 goblins
  8 hobgoblins
  A jackal (D:2)
  5 quokkas
  A ball python zombie (Ossuary)
  A frilled lizard (D:2)
  A gnoll zombie (Ossuary)
  7 jackal zombies (Ossuary)
  6 kobolds
  An orc zombie (Ossuary)
  5 rats
  A spectral goblin (D:1)
112 creatures vanquished.

Notes
Turn   | Place    | Note
-------+----------+-------------------------------------------
     0 | D:1      | Maxmaps the Demonspawn Shapeshifter began the quest for the
                  | Orb.
     0 | D:1      | Reached XP level 1. HP: 15/15 MP: 1/1
   114 | D:1      | Gained mutation: You are partially covered in thin metallic
                  | scales. (AC +2) [demonic ancestry]
   114 | D:1      | Reached XP level 2. HP: 20/22 MP: 2/2
   146 | D:1      | Found a faded altar of an unknown god.
   442 | D:1      | Reached XP level 3. HP: 21/29 MP: 3/3
   647 | D:2      | Found a sacrificial altar of Ru.
   883 | D:2      | Found Ruyc Adi's Armour Shoppe.
  1504 | D:3      | Found an ornate altar of the Wu Jian Council.
  1792 | D:3      | Gained mutation: You may rarely emit foul miasma when
                  | damaged in melee. [demonic ancestry]
  1792 | D:3      | Reached XP level 4. HP: 37/37 MP: 4/4
  2588 | D:4      | Reached XP level 5. HP: 32/42 MP: 5/5
  2700 | D:4      | Found a bloodstained altar of Trog.
  3217 | D:5      | Entered Level 5 of the Dungeon
  3398 | D:5      | Reached skill level 1 in Polearms
  3458 | D:5      | Noticed a wyvern
  3466 | D:5      | Killed a wyvern
  3467 | D:5      | Reached skill level 3 in Polearms
  3467 | D:5      | Reached XP level 6. HP: 20/48 MP: 6/6
  3647 | D:5      | Reached skill level 4 in Polearms
  3647 | D:5      | Gained mutation: A meltable shield of frost defends you.
                  | (SH +4) [demonic ancestry]
  3647 | D:5      | Reached XP level 7. HP: 7/54 MP: 7/7
  3648 | D:5      | Found a sand-covered staircase.
  3666 | Ossuary  | Entered an ossuary
  3980 | Ossuary  | Reached skill level 5 in Polearms
  4440 | Ossuary  | Reached skill level 6 in Polearms
  4563 | Ossuary  | Reached XP level 8. HP: 34/60 MP: 8/8
  4700 | Ossuary  | Reached skill level 7 in Polearms
  4911 | D:5      | Found a staircase to the Ecumenical Temple.
  4939 | Temple   | Entered the Ecumenical Temple
  5563 | D:5      | Found Ythran's Magic Scroll Shop.
  6118 | D:6      | Reached skill level 8 in Polearms
  6178 | D:6      | Noticed a cyclops
  6194 | D:6      | Killed a cyclops
  6195 | D:6      | Reached skill level 9 in Polearms
  6204 | D:6      | HP: 3/60 [bullfrog (5)]
  6205 | D:6      | Slain by a bullfrog

Illustrated notes

Levels and vault maps discovered:
D:1:      dpeg_arrival_court, layout_rooms,
          dreamdust_ecumenical_altar_drowned_temple
D:2:      minmay_wonky_spiral, layout_loops_ring, serial_shops,
          nicolae_shop_scrapyard, basic_altar
D:3:      layout_rooms, mainiacjoe_overflow_tiny_flanked,
          kennysheep_generic_room_3
D:4:      layout_loops_ring, lightli_temple_of_fire
D:5:      layout_basic, minmay_temple_entry_offerings,
          lightli_ossuary_entry_decrepit_ruins, serial_shops,
          nicolae_shop_tiny_glass, minivault_25
D:6:      layout_loops_ring, nemelex_diamond_rough_becter, lemuel_crystal_altar,
          serial_shops, nicolae_shop_bloodbath_and_beyond, kb_rosetta,
          uniq_eustachio
Temple:   minmay_temple_curvy_loop

Skill      XL: |  1  2  3  4  5  6  7  8 |
---------------+-------------------------+-----
Fighting       | 2 3 4 |  4.0
Dodging        | 3 |  3.5
Polearms       | 3 4 6 9 |  9.2
Unarmed Combat | |  2.6
Shapeshifting  | |  2.6

Action                     |  1- 3 |  4- 6 |  7- 9 || total
---------------------------+-------+-------+-------++-------
  Melee: Unarmed           |   156 |    23 |       ||   179
         Punch             |     1 |     1 |       ||     2
         Spear             |       |    36 |       ||    36
         Trident           |       |    67 |   308 ||   375
  Evoke: Wand              |       |       |     6 ||     6
    Use: Scroll            |       |     5 |     5 ||    10
         Potion            |       |     1 |     4 ||     5
   Stab: Sleeping          |     1 |     3 |     2 ||     6
         Distracted        |       |     1 |       ||     1
 Armour: Animal skin       |    84 |    77 |   122 ||   283
         Skin              |       |     4 |    20 ||    24
  Dodge: Dodged            |    76 |    63 |   103 ||   242
  Block: Other             |       |       |    41 ||    41

Table legend: (Time is in decaauts)
 A = Elapsed time spent in this place.
 B = Non-inter-level travel time spent in this place.
 C = Inter-level travel time spent in this place.
 D = Time resting spent in this place.
 E = Time spent auto-exploring this place.
 F = Levels seen in this place.
 G = Mean time per level.
                   A        B        C        D        E       F      G
               +--------+--------+--------+--------+--------+-----+--------+
         Total |   6216 |   5847 |    369 |    933 |   3730 |   8 |  777.0 |
       Dungeon |   4799 |   4514 |    285 |    466 |   3233 |   6 |  799.8 |
        Temple |    170 |     86 |     84 |      0 |     85 |   1 |  170.0 |
       Ossuary |   1246 |   1246 |      0 |    467 |    412 |   1 | 1246.0 |
               +--------+--------+--------+--------+--------+-----+--------+

Top non-repeatable levels by time:
     D:5: 1469 daAuts
 Ossuary: 1246 daAuts
     D:4: 1130 daAuts
     D:3: 746 daAuts
     D:2: 697 daAuts
     D:1: 648 daAuts
  Temple: 170 daAuts
     D:6: 107 daAuts
